aliz, neutral female human Valkyrie $ --------- -.--------- $ --------- |@o...>.| ..........| $ [ $ +........####........| #..........| $ |.......| |...._%..#########|.........-# % |.......| -.------- # -----------# |.......| #### ### # $ |.......| $ # # # $ |.......| ### ### * * # --------- $ # # # * # -----|--.-# # |........|# $ # $ |(.......|# ################# $ |.........# #------ $ $ $ |.<......| #.....| |.........#################|....| $ ---------- #|....| ? $ |....| $ --.--- # aliz the Skirmisher Experience level: 4 Strength: 18 Dexterity: 15 Constitution: 18 Intelligence: 7 Wisdom: 8 Charisma: 7 Health: 0(39) Energy: 9(9) Def: 10 Gold: 193 Moves: 1491 Dungeon seed: AjkWb5bTPSIkUN_n Game ID: aliz_1559043013 Your Inventory: Coins $ - 193 gold pieces Weapons a - a +1 long sword b - a +0 dagger (in quiver) k - a +0 axe l - a +0 orcish dagger o - 10 +0 arrows u - a cursed -1 axe (weapon in hand) Armor e - an uncursed +3 small shield (being worn) n - an uncursed +0 orcish helm (being worn) q - an uncursed +0 elven mithril-coat (being worn) r - an uncursed +0 scale mail Comestibles c - 4 uncursed food rations Wands s - a wand of digging (0:6) Tools d - an uncursed oil lamp (0:1150) Gems y - an uncursed worthless piece of green glass z - an uncursed worthless piece of blue glass Spells and supernatural/magical abilities: Name Level Category Fail Memory W - pray for help -- divine ? -- Your skills at the end: Fighting Skills Weapon Skills dagger [Basic] long sword [Basic] Spellcasting Skills Final Attributes: You were fervently aligned. You were cold resistant. You were stealthy. You are dead. Vanquished creatures: a shrieker a kitten a hill orc a giant bat 2 brown molds a yellow mold a gecko 2 jackals 2 foxes a goblin 4 grid bugs 2 lichens a kobold zombie 3 newts 23 creatures vanquished. Voluntary challenges: You followed a strict vegan diet. You were an atheist. You used a wielded weapon 24 times, starting on turn 46. You read items or engraved 3 times, starting on turn 1141. You never genocided any monsters. You never polymorphed an object. You never changed form. You used no wishes. You never split a pudding. You never wrote Elbereth's name. You never violated your personal moral code. Dungeon overview: The Dungeons of Doom: levels 1 to 4 Level 1 a fountain a long staircase Level 2 a general store Level 3 a fountain a long staircase Level 4 <- You were here an altar to Tyr History has recorded: On T:1 you entered the Dungeons of Doom to retrieve the Amulet of Yendor! On T:240 you reached level 2 of The Dungeons of Doom. On T:575 you advanced to experience level 2. On T:777 you reached level 3 of The Dungeons of Doom. On T:919 you advanced to experience level 3. On T:1140 you reached level 4 of The Dungeons of Doom. On T:1315 you advanced to experience level 4. Score breakdown: Gold: 193 ( 7782 points) Experience: 4 levels ( 9649 points) Exploration: 4 levels ( 8.33%) ( 7579 points) Discoveries: 4 items ( 1.63%) ( 3833 points) Valuables value: (no points given unless you survive) Artifact value: 0 ( 0 points) Variety of kills: 14 monsters ( 3.67%) ( 5750 points) Turncount: 1491 turns ( 0 points) Survival: died (score multiplied by 80%) Total score: 27674 Latest messages: You are splashed by the green mold's acid! You miss the green mold. (3x) You displace garfield. You stop exploring. The hill orc misses. The hill orc wields a scimitar! Garfield bites the hill orc. The hill orc swings his scimitar at garfield. The hill orc hits garfield. Garfield is killed! The hill orc swings his scimitar. The hill orc hits! You hit the hill orc! The hill orc turns to flee! The hill orc swings his scimitar. The hill orc misses. The hill orc swings his scimitar. The hill orc hits! You kill the hill orc! The hill orc swings his scimitar. The hill orc hits! You hit the hill orc! You miss the hill orc. The hill orc swings his scimitar. The hill orc hits! You die... Final status: Farvel aliz the Valkyrie, killed by a hill orc... You died in The Dungeons of Doom on dungeon level 4 with 27674 points, and 193 pieces of gold, after 1491 moves. You were level 4 with a maximum of 39 hit points when you died.